 Dungeon Crawl Stone Soup version 0.21.1-1-g345015fe64 (webtiles) character file.

863 Oravi the Slinger (level 8, -3/51 (52) HPs)
             Began as a Halfling Hunter on Mar 23, 2018.
             Slain by an orc warrior
             ... wielding a +0 trident
              (10 damage)
             ... on level 5 of the Dungeon.
             The game lasted 00:50:56 (7430 turns).

Oravi the Slinger (Halfling Hunter)                 Turns: 7430, Time: 00:50:56

HP:   -3/51 (52)    AC: 14    Str: 14    XL:     8   Next: 23%
MP:   8/8           EV: 10    Int:  9    God:
Gold: 268           SH:  9    Dex: 16    Spells: 7/7 levels left

rFire    . . .     SeeInvis .   b - +0 short sword
rCold    . . .     Gourm    .   q - +0 shield
rNeg     . . .     Faith    .   s - +0 scale mail
rPois    .         Spirit   .   o - +1 helmet
rElec    .         Reflect  .   m - +2 cloak
rCorr    .         Harm     .   l - +1 pair of gloves
MR       .....                  (no boots)
Stlth    ..........             (no amulet)
HPRegen  0.17/turn              (no ring)
MPRegen  0.11/turn              (no ring)

@: about to teleport
A: small, mutation resistance 1
a: no special abilities


You were on level 5 of the Dungeon.
You were hungry.

You visited 1 branch of the dungeon, and saw 6 of its levels.

You collected 268 gold pieces.

Inventory:

Hand Weapons
 a - a +3 hunting sling
 b - a +0 short sword (weapon)
Missiles
 d - 9 sling bullets
 k - 84 stones (quivered)
Armour
 c - a +0 leather armour
 g - a +0 chain mail
 j - a +0 helmet
 l - a +1 pair of gloves (worn)
 m - a +2 cloak (worn)
 o - a +1 helmet (worn)
 q - a +0 shield (worn)
 s - a +0 scale mail (worn)
 u - a +0 ring mail
Jewellery
 A - an uncursed ring of fire {unknown}
Wands
 r - a wand of flame (39)
Scrolls
 t - a scroll of fog
 w - 3 scrolls of amnesia
 z - a scroll of teleportation
Potions
 e - a potion of invisibility
 h - 4 potions of lignification
 i - a potion of flight {unknown}
 n - a potion of magic {unknown}
 p - a potion of might {unknown}
 v - a potion of haste {unknown}
 B - a potion of heal wounds {unknown}
Books
 y - a book of Minor Magic

   Spells                             Type                      Level
   a - Magic Dart                     Conjuration                  1
   b - Blink                          Translocation                2
   c - Call Imp                       Summoning                    2
   d - Slow                           Hexes                        2
   e - Conjure Flame                  Conjuration/Fire             3
   f - Mephitic Cloud                 Conjuration/Poison/Air       3
Comestibles
 f - 7 rations


   Skills:
 + Level 3.0 Fighting
 + Level 6.0 Short Blades
 - Level 8.0 Slings
 + Level 3.6 Armour
 - Level 3.3 Dodging
 - Level 1.1 Stealth
 + Level 3.1 Shields


You had 7 spell levels left.
You didn't know any spells.

Dungeon Overview and Level Annotations

Branches:
Dungeon (6/15)
 Temple: D:4-7

Altars:

Annotations:
D:4 Grinder; supermoro's ghost, amateur HuFi


Innate Abilities, Weirdness & Mutations

You are small and have problems with some larger weapons.
You are somewhat resistant to further mutation.


Message History

The orc warrior is moderately wounded.
You block the orc warrior's attack.
You closely miss the orc warrior.
The orc warrior is moderately wounded.
You block the orc warrior's attack.
You hit the orc warrior.
The orc warrior is moderately wounded.
The orc warrior hits you but does no damage.
Your shield and scale mail prevent you from hitting the orc warrior.
The orc warrior is moderately wounded.
You closely miss the orc warrior.
The orc warrior is moderately wounded.
You block the orc warrior's attack.
You hit the orc warrior.
The orc warrior is heavily wounded.
The orc warrior hits you but does no damage.
As you read the scroll of teleportation, it crumbles to dust.
You feel strangely unstable.
The orc warrior hits you with a trident!
You die...

#.#....#.# #.....##.........#.
#.######.# #.....##.........#.
#.# #.# #.....######'#####. #.#
#.# #.....# #.# #. #.# #.#
#.....# #.#####. #.#
###'#####.#########.......
#.####.....#............####...
#.#........'..o.........# #...
#.#.##.....#[[@[........# #...
#.#.##.....#............# #...
#.#.##.....#............# #...
#.#.########............# #...
#.#.# #............# #... #...#
############## #... #######
#... ......# #### #####.#


You could see an orc warrior.

Vanquished Creatures
  Duvessa (D:5)
  A necrophage (D:5)
  2 ogres (D:5)
  Dowan (D:5)
  A water moccasin skeleton (D:5)
  A howler monkey (D:4)
  A crimson imp (D:2)
  Terence (D:3)
  An iguana (D:5)
  An orc wizard (D:5)
  3 worker ants
  A worker ant zombie (D:5)
  9 adders
  An adder zombie (D:5)
  A worm (D:3)
  3 dart slugs
  6 leopard geckos
  5 orcs
  5 giant cockroaches
  12 hobgoblins
  7 jackals
  4 kobolds
  A quokka (D:3)
  A ball python (D:2)
  7 bats
  A frilled lizard (D:1)
  A giant cockroach zombie (D:5)
  9 goblins
  4 rats
92 creatures vanquished.

Notes
Turn   | Place    | Note
-------+----------+-------------------------------------------
     0 | D:1      | Oravi the Halfling Hunter began the quest for the Orb.
     0 | D:1      | Reached XP level 1. HP: 14/14 MP: 1/1
   114 | D:1      | Reached skill level 6 in Slings
   156 | D:1      | Reached XP level 2. HP: 16/19 MP: 2/2
   733 | D:1      | Reached XP level 3. HP: 24/24 MP: 3/3
   797 | D:1      | Reached skill level 1 in Short Blades
  1088 | D:2      | Reached skill level 7 in Slings
  1095 | D:2      | Reached XP level 4. HP: 28/29 MP: 4/4
  1437 | D:2      | Reached XP level 5. HP: 31/34 MP: 5/5
  2246 | D:3      | Noticed Terence
  2256 | D:3      | Killed Terence
  2751 | D:3      | Reached XP level 6. HP: 29/39 MP: 6/6
  2943 | D:4      | Noticed supermoro's ghost (amateur HuFi)
  3503 | D:4      | Reached skill level 1 in Armour
  3503 | D:4      | Reached skill level 1 in Shields
  3530 | D:4      | Reached skill level 8 in Slings
  4276 | D:5      | Entered Level 5 of the Dungeon
  4288 | D:5      | Noticed Grinder
  5076 | D:5      | Noticed a necrophage
  5104 | D:5      | Killed a necrophage
  5104 | D:5      | Reached XP level 7. HP: 35/44 MP: 7/7
  5387 | D:5      | Noticed Duvessa
  5387 | D:5      | Noticed Dowan
  5430 | D:5      | Killed Duvessa
  5451 | D:5      | Reached skill level 5 in Short Blades
  6587 | D:5      | Reached XP level 8. HP: 49/50 MP: 8/8
  7287 | D:5      | Killed Dowan
  7430 | D:5      | Slain by an orc warrior

Skill      XL: |  1  2  3  4  5  6  7  8 |
---------------+-------------------------+-----
Slings         | 6 7 8 |  8.0
Short Blades   | 1 2 3 4 5 6 |  6.0
Fighting       | 2 3 |  3.0
Armour         | 2 3 |  3.6
Shields        | 1 2 3 |  3.1
Dodging        | 3 |  3.3
Stealth        | |  1.1

Action                   |  1- 3 |  4- 6 |  7- 9 || total
-------------------------+-------+-------+-------++-------
Melee: Short sword       |    54 |   266 |   209 ||   529
 Fire: Hunting sling     |    57 |   142 |    42 ||   241
  Use: Scroll            |     1 |    11 |     2 ||    14
       Potion            |       |       |     2 ||     2
  Eat: Chunk             |       |     9 |     1 ||    10
       Ration            |       |     1 |     2 ||     3
Armor: Leather armour    |    19 |    45 |       ||    64
       Scale mail        |       |    62 |    68 ||   130
Dodge: Dodged            |    53 |   127 |    56 ||   236
Block: Shield            |       |    73 |    72 ||   145
